 Dungeon Crawl Stone Soup version 0.25.1-8-g42b30a86e7 (webtiles) character file.

Game seed: 14404675637915363260

3708 Abzac the Grappler (level 9, -5/84 HPs)
             Began as a Troll Berserker on Dec 15, 2020.
             Was a High Priest of Trog.
             Slain by a hippogriff (8 damage)
             ... on level 8 of the Dungeon.
             The game lasted 00:20:21 (6390 turns).

Abzac the Grappler (Troll Berserker)                Turns: 6390, Time: 00:20:22

Health: -5/84      AC:  9    Str: 30    XL:     9   Next: 91%
Magic:  17/17      EV: 11    Int:  3    God:    Trog [*****.]
Gold:   451        SH:  0    Dex:  9    Spells: 8/8 levels left

rFire    . . .     SeeInvis .     - Unarmed
rCold    + . .     Gourm    +   (no shield)
rNeg     + . .     Faith    .   K - +0 robe {rN+}
rPois    .         Spirit   .   (helmet restricted)
rElec    .         Reflect  .   L - +2 cloak
rCorr    .         Harm     .   (gloves unavailable)
MR       .....                  (boots unavailable)
Stlth    +.........             (no amulet)
HPRegen  0.64/turn              o - ring of protection from cold
MPRegen  0.15/turn              B - ring of magical power

@: berserk cooldown, slowed, very slow
A: large, unfitting armour, claws 3, fast metabolism 3, gourmand, regeneration
1, shaggy fur 1, tough skin 3
a: Berserk, Trog's Hand, Brothers in Arms, Renounce Religion


You were on level 8 of the Dungeon.
You worshipped Trog.
Trog was extremely pleased with you.
You were very full.

You visited 1 branch of the dungeon, and saw 8 of its levels.

You collected 451 gold pieces.

Inventory:

Hand Weapons
 s - a +4 quarterstaff of chaos
Armour
 a - a +0 animal skin
 t - a +0 cloak
 y - a +0 robe
 D - a +0 cloak
 K - a +0 robe of positive energy (worn)
 L - a +2 cloak (worn)
Jewellery
 o - a ring of protection from cold (left claw)
 B - a ring of magical power (right claw)
Wands
 q - a wand of acid (5)
 r - a wand of digging (10)
 H - a wand of polymorph (9)
Scrolls
 c - 4 scrolls of remove curse
 f - 2 scrolls of enchant weapon
 g - a scroll of fog {unknown}
 i - 4 scrolls of teleportation
 j - 2 scrolls of amnesia {unknown}
 l - a scroll of fear {unknown}
 n - a scroll of noise {unknown}
 p - 2 scrolls of magic mapping {unknown}
 v - 2 scrolls of enchant armour {unknown}
 C - a scroll of blinking {unknown}
 F - a scroll of immolation {unknown}
Potions
 d - a potion of brilliance
 h - 2 potions of mutation
 k - 2 potions of degeneration {unknown}
 m - a potion of lignification
 u - 2 potions of might {unknown}
 w - a potion of ambrosia {unknown}
 x - 4 potions of curing
 z - 3 potions of resistance {unknown}
 A - 2 potions of stabbing
 E - 4 potions of flight {unknown}
 G - 2 potions of haste
 J - a potion of cancellation {unknown}
Comestibles
 b - 16 rations
 I - 5 chunks of flesh


   Skills:
 + Level 3.6 Fighting
 * Level 1.4 Armour
 - Level 4.9 Dodging
 + Level 1.4 Stealth
 * Level 12.4 Unarmed Combat


You had 8 spell levels left.
You didn't know any spells.
Your spell library contained the following spells:

 Spells                   Type           Power        Failure   Level  Hunger
 Confusing Touch          Hex            #.......     88%         3    ####...
 Gell's Gravitas          Tloc           #.........   88%         3    ####...
 Petrify                  Tmut/Erth      #.......     99%         4    #####..
 Metabolic Englaciation   Hex/Ice        #.........   100%        5    ######.
 Yara's Violent Unravell  Hex/Tmut       #.........   100%        5    ######.


Dungeon Overview and Level Annotations

Branches:
Dungeon (8/15)             Temple (0/1) D:5
   Lair: D:8-11

Altars:
Dithmenos
Makhleb
Trog
Beogh


Innate Abilities, Weirdness & Mutations

You are too large for most types of armour.
You have claws for hands.
Your metabolism is lightning-fast.
You like to eat raw meat.
Your natural rate of healing is unusually fast.
You are covered in fur. (AC +1)
You have extremely tough skin. (AC +3)


Message History

You claw the hippogriff!
The hippogriff is almost dead.
The hippogriff bites you.
* * * LOW HITPOINT WARNING * * *
The hippogriff closely misses you. The hippogriff claws you.
* * * LOW HITPOINT WARNING * * *
The wraith misses you.
Okay, then.
You are no longer berserk.
You are exhausted.
You feel as though you will be slow longer.
The hippogriff bites you.
* * * LOW HITPOINT WARNING * * *
The hippogriff pecks you but does no damage.
The hippogriff claws you!
* * * LOW HITPOINT WARNING * * *
There isn't anything here!
Your two-headed ogre goes berserk!
You feel somewhat less full. The hippogriff bites you!
You die...

.# #......###...### ###.#.# #(..
.# #######...#...# #.#.+ #)J:# .#
######.## #.#.# %... .# #.#
#.#.#. ..W .# #.# #.#.##h .F .#
#[# #....##.##H .# ###########.#
####..##... .####<..........#####
##.....###'
......#.#####.O.@HWJ###..........
#####...# #.#####S##.....|.##.#
##### #.# #.Z...W........ #.#
#S.#.......##.. #.#
#..##......##..
#.#####.###....#.###. #.......#
#.##...###. ####.#### #......<#..
#...# #.......#.#


You could see a slime creature, a hippogriff, a wraith, a water moccasin and a
friendly two-headed ogre (summoned, berserk).

Vanquished Creatures
  A troll (D:8)
  Grinder (D:6)
  A hippogriff (D:8)
  Sigmund (D:5)
  Duvessa (D:6)
  A water moccasin (D:5)
  2 ice beasts
  2 phantoms
  4 ogres
  A necrophage (D:8)
  2 centaurs
  5 bullfrogs
  2 big kobolds (D:7)
  Dowan (D:6)
  3 scorpions
  4 howler monkeys
  2 crimson imps
  A centaur zombie (D:6)
  6 hounds
  A gnoll shaman (D:4)
  A jelly (D:7)
  2 orc wizards
  Crazy Yiuf (D:2)
  5 orc priests
  3 bullfrog skeletons
  4 worker ants
  A killer bee zombie (D:8)
  A hound zombie (D:8)
  3 gnolls (D:4)
  9 adders
  An ooze (D:3)
  2 adder skeletons
  3 worms (D:2)
  5 dart slugs
  4 leopard geckos
  27 orcs
  2 ball pythons
  5 giant cockroaches
  11 goblins
  5 hobgoblins
  15 jackals
  18 kobolds
  3 quokkas
  A ball python skeleton (D:4)
  6 bats
  3 frilled lizards
  A quokka zombie (D:5)
  7 rats
  2 plants (D:5)
193 creatures vanquished.

Notes
Turn   | Place    | Note
-------+----------+-------------------------------------------
     0 | D:1      | Abzac the Troll Berserker began the quest for the Orb.
     0 | D:1      | Reached XP level 1. HP: 22/22 MP: 0/0
    47 | D:1      | Reached XP level 2. HP: 23/29 MP: 1/1
   233 | D:1      | Reached ** piety under Trog
   421 | D:1      | Reached XP level 3. HP: 36/36 MP: 2/2
   605 | D:2      | Reached skill level 4 in Unarmed Combat
   874 | D:2      | Found a runed translucent door.
   875 | D:2      | Noticed Crazy Yiuf
   886 | D:2      | Killed Crazy Yiuf
   886 | D:2      | Reached XP level 4. HP: 31/44 MP: 3/3
  1339 | D:3      | Reached *** piety under Trog
  1578 | D:3      | Reached skill level 5 in Unarmed Combat
  1584 | D:3      | Reached XP level 5. HP: 20/50 MP: 4/4
  2328 | D:4      | Reached XP level 6. HP: 57/59 MP: 5/5
  2354 | D:4      | Reached skill level 6 in Unarmed Combat
  2451 | D:4      | Found a roughly hewn altar of Beogh.
  2578 | D:4      | Reached skill level 7 in Unarmed Combat
  2578 | D:4      | Reached XP level 7. HP: 66/66 MP: 6/6
  2873 | D:4      | Reached **** piety under Trog
  2983 | D:5      | Entered Level 5 of the Dungeon
  3222 | D:5      | Noticed Sigmund
  3235 | D:5      | Killed Sigmund
  3235 | D:5      | Reached skill level 8 in Unarmed Combat
  3467 | D:6      | Found a burning altar of Makhleb.
  3513 | D:6      | Reached XP level 8. HP: 75/75 MP: 7/7
  3713 | D:6      | Noticed Dowan
  3714 | D:6      | Noticed Duvessa
  3721 | D:6      | Reached skill level 9 in Unarmed Combat
  3770 | D:6      | Killed Duvessa
  3796 | D:6      | Killed Dowan
  3920 | D:6      | Found a shadowy altar of Dithmenos.
  4141 | D:5      | Found a staircase to the Ecumenical Temple.
  4419 | D:6      | Noticed Grinder
  4423 | D:6      | Killed Grinder
  4423 | D:6      | Reached skill level 10 in Unarmed Combat
  4778 | D:7      | Reached XP level 9. HP: 72/83 MP: 8/8
  4919 | D:7      | Found a bloodstained altar of Trog.
  4957 | D:7      | Reached skill level 1 in Stealth
  5281 | D:7      | Reached skill level 11 in Unarmed Combat
  5283 | D:7      | Reached ***** piety under Trog
  6272 | D:8      | Reached skill level 1 in Armour
  6272 | D:8      | Reached skill level 12 in Unarmed Combat
  6351 | D:8      | Noticed a troll
  6375 | D:8      | Killed a troll
  6389 | D:8      | HP: 2/84 [hippogriff (7)]
  6390 | D:8      | Slain by a hippogriff

Illustrated notes

Levels and vault maps discovered:
D:1:      psy_arrival_statuary, layout_basic
D:2:      layout_rooms, uniq_crazy_yiuf_cottage
D:3:      layout_loops_corners
D:4:      layout_loops_cross, first_ration, kennysheep_orc_chapel
D:5:      layout_rooms, minmay_temple_entry_enclosed_plants,
          serial_bayou_lagoon_a, hex_tiny, nicolae_sextant, uniq_sigmund
D:6:      layout_gridville, grunt_dithmenos_shadows, basic_altar, uniq_duvessa,
          uniq_grinder
D:7:      layout_basic, lemuel_crystal_altar
D:8:      minmay_the_grid_octo_2x2 [minmay_the_grid_octo_empty,
          minmay_the_grid_octo_odd_swirl, minmay_the_grid_octo_horde,
          minmay_the_grid_octo_prize_big_c], layout_loops_cross,
          yredelemnul_altar_generic

Skill      XL: |  1  2  3  4  5  6  7  8  9 |
---------------+----------------------------+-----
Unarmed Combat | 4 5 7 8 10 12 | 12.4
Dodging        | 3 4 |  4.9
Fighting       | 3 |  3.6
Stealth        | 1 |  1.4
Armour         | 1 |  1.4

Action                   |  1- 3 |  4- 6 |  7- 9 || total
-------------------------+-------+-------+-------++-------
Melee: Unarmed           |   106 |   119 |   310 ||   535
       Punch             |     3 |     3 |    12 ||    18
Invok: Berserk           |       |     2 |     3 ||     5
       Brothers in Arms  |       |       |     1 ||     1
  Use: Scroll            |       |     1 |     6 ||     7
       Potion            |       |     1 |     2 ||     3
 Stab: Sleeping          |       |     1 |     2 ||     3
  Eat: Chunk             |    13 |    18 |    37 ||    68
Armor: Animal skin       |    36 |       |       ||    36
       Robe              |       |    46 |    94 ||   140
       Skin              |       |       |     1 ||     1
Dodge: Dodged            |    48 |    60 |   172 ||   280
